Map: Central Protocol

Players

LilDicky - Winner!

  • Race: Terran Terran
  • League: Gold

Kerensky

  • Race: Zerg Zerg
  • League: Gold

VOD

http://www.twitch.tv/tumescentpie

Description

Time

  • Played on: Nov. 19, 2015, 11:55 p.m.
  • Length: 22:32
Show
View Real Time Build Order
Export as new Build Order

LilDicky Terran - Winner!

Build Orders: Command Center First (CC) 

Get SALT Encoding   

  12  0:02  SCV  
  13  0:19  SCV  
  14  0:23  Supply Depot  
  14  0:31  SCV  
  15  0:46  SCV  
  16  0:58  SCV  
  17  1:10  SCV  
  18  1:13  Command Center  
  18  1:26  Barracks  
  18  1:31  SCV  
  19  1:32  Refinery  
  19  1:43  SCV  
  20  1:56  SCV  
  21  2:03  Supply Depot  
  21  2:15  Orbital Command  
  21  2:18  Marine  
  22  2:25  Bunker  
  22  2:27  Orbital Command  
  22  2:39  Factory  
  22  2:45  Marine  
  22  2:48  SCV  
  24  2:55  SCV  
  25  3:00  SCV  
  26  3:11  SCV  
  26  3:12  SCV  
  28  3:20  Barracks Reactor  
  28  3:23  SCV  
  28  3:24  Refinery  
  28  3:26  Factory Reactor  
  29  3:27  Command Center  
  29  3:31  SCV  
  30  3:36  SCV  
  31  3:44  SCV  
  31  3:48  SCV  
  33  3:51  Command Center  
  33  3:54  Refinery x2  
  33  3:56  SCV  
  33  4:00  SCV, Marine x2  
  37  4:08  SCV  
  37  4:09  Hellion x2  
  42  4:12  SCV  
  43  4:18  Marine x2  
  43  4:20  SCV  
  43  4:22  Supply Depot  
  46  4:38  SCV x2, Marine x2  
  46  4:39  Hellion x2  
  46  4:44  Orbital Command  
  54  4:50  SCV x2  
  54  4:51  Engineering Bay  
  56  5:00  Hellion x2  
  56  5:02  SCV x2  
  63  5:09  Marine x2  
  63  5:14  SCV  
  66  5:15  SCV, Starport  
  66  5:18  Orbital Command  
  66  5:37  Hellion x2  
  66  5:42  Marine x2  
  72  5:46  SCV x2  
  72  5:47  Starport  
  74  5:55  Starport Reactor  
  74  5:56  Command Center  
  74  6:04  Supply Depot  
  74  6:05  Missile Turret  
  74  6:18  Liberator x2  
  70  6:34  Marine x2  
  70  6:37  Starport Tech Lab  
  70  6:38  SCV x4  
  82  6:40  Supply Depot  
  82  6:45  Command Center  
  80  6:47  Missile Turret  
  80  6:48  Missile Turret x3  
  78  7:01  Liberator x2  
  72  7:12  Banshee, Hellion x2  
  72  7:13  Cloaking Field  
  79  7:16  Planetary Fortress  
  79  7:21  Missile Turret  
  85  7:32  Widow Mine x2  
  87  7:42  SCV x2  
  87  7:44  Liberator  
  83  7:48  SCV x2, Starport, Supply Depot  
  83  7:49  Armory  
  83  7:50  Armory, Starport  
  83  7:51  Starport  
  85  7:57  Raven  
  85  7:58  Missile Turret  
  87  8:02  Widow Mine x2  
  94  8:15  Missile Turret  
  94  8:24  Command Center  
  94  8:27  Planetary Fortress  
  94  8:34  Missile Turret  
  94  8:35  Orbital Command  
  94  8:36  Supply Depot  
  94  8:45  Liberator  
  94  8:50  Command Center  
  94  8:52  Starport Tech Lab x2  
  94  8:53  Starport Reactor  
  94  8:56  Terran Vehicle And Ship Armor Level 1  
  94  8:57  Terran Ship Weapons Level 1  
  94  8:58  Supply Depot  
  94  8:59  Widow Mine x2  
  94  9:00  Supply Depot  
  94  9:01  Banshee  
  104  9:08  Fusion Core  
  104  9:10  Missile Turret  
  104  9:11  Missile Turret  
  104  9:21  Missile Turret  
  104  9:22  Hi-Sec Auto Tracking  
  104  9:32  Refinery  
  104  9:37  Refinery  
  104  9:38  Missile Turret  
  104  9:41  Missile Turret  
  104  9:43  Missile Turret  
  102  10:09  Liberator x3  
  102  10:19  Building Armor  
  102  10:23  Command Center  
  102  10:24  Supply Depot, Raven  
  102  10:25  Raven  
  115  10:38  Corvid Reactor  
  115  10:42  Supply Depot  
  115  10:45  Orbital Command  
  115  10:56  Missile Turret  
  115  11:06  Supply Depot  
  115  11:12  Widow Mine x2  
  115  11:16  Raven x2  
  123  11:38  Supply Depot  
  123  11:42  Hellion  
  123  11:43  Refinery  
  123  11:47  Factory  
  125  11:48  Factory  
  125  11:49  Factory  
  125  11:53  Planetary Fortress  
  125  11:54  Refinery, Missile Turret  
  122  12:12  Missile Turret  
  120  12:39  Planetary Fortress, Liberator  
  120  12:40  Liberator x2  
  120  12:42  Missile Turret  
  120  12:43  SCV  
  120  12:44  SCV x3  
  124  12:52  SCV  
  124  12:55  Raven x2  
  138  12:59  Factory Reactor x2  
  138  13:00  Factory Reactor  
  138  13:07  Hellion x2  
  140  13:19  Banshee  
  143  13:20  Hyperflight Rotors  
  143  13:22  Behemoth Reactor  
  139  13:36  Hellion x2  
  139  13:38  Banshee, Hellion x3  
  139  13:40  Factory  
  150  14:07  Hellion x4  
  150  14:08  Hellion x3  
  164  14:10  Terran Ship Weapons Level 2, Terran Vehicle And Ship Armor Level 2  
  164  14:14  Command Center  
  164  14:16  Advanced Ballistics  
  164  14:18  Command Center  
  164  14:19  Weapon Refit  
  150  14:48  Missile Turret  
  150  14:57  Factory Tech Lab  
  150  15:08  Command Center  
  146  15:27  Refinery  
  146  15:30  Refinery  
  146  15:32  Siege Tank, Widow Mine x2  
  146  15:33  Widow Mine x2  
  146  15:34  Widow Mine x2  
  161  15:41  Liberator x6  
  135  16:13  Hellion  
  135  16:14  Hellion x3  
  138  16:19  Hellbat x3  
  138  16:21  Battlecruiser  
  146  16:41  Viking x2  
  146  16:43  Refinery  
  148  16:48  Orbital Command  
  146  17:01  Orbital Command  
  142  17:04  Orbital Command  
  142  17:21  Widow Mine  
  142  17:22  Widow Mine x2  
  141  17:23  Widow Mine  
  145  17:31  Refinery  
  145  17:33  Refinery  
  145  17:35  Liberator x2  
  145  17:36  Liberator  
  145  17:51  Banshee x2  
  148  17:53  Battlecruiser  
  148  17:56  Hellion x3  
  148  17:57  Hellion x3  
  148  17:58  Command Center, Hellion x2  
  182  18:00  Refinery x2  
  182  18:13  Terran Vehicle And Ship Armor Level 3, Terran Ship Weapons Level 3  
  182  18:18  Cyclone  
  183  18:34  Battlecruiser x2  
  189  18:43  Hellion  
  187  18:57  Banshee  
  178  19:12  Planetary Fortress  
  178  19:15  Missile Turret  
  178  19:38  Banshee x2, Missile Turret  
  181  19:43  Battlecruiser  
  196  20:21  Battlecruiser  
  191  21:05  SCV  
  191  21:06  SCV x2  
  191  21:07  SCV x5  
  191  21:08  SCV  
  200  21:26  Orbital Command  
  200  21:59  Starport  
  200  22:01  Starport  
Show
View Real Time Build Order
Export as new Build Order

Kerensky Zerg 

Build Orders: Hatch First, Lurkers 

Get SALT Encoding   

  12  0:01  Drone  
  13  0:08  Drone  
  14  0:46  Hatchery  
  14  0:47  Drone  
  14  0:51  Overlord  
  14  1:09  Spawning Pool  
  13  1:12  Drone x2  
  15  1:23  Drone x2  
  17  1:27  Extractor  
  16  1:33  Extractor  
  15  1:40  Drone  
  16  1:52  Drone  
  17  2:00  Drone x2  
  19  2:03  Queen  
  19  2:05  Queen  
  23  2:16  Drone  
  23  2:17  Drone  
  25  2:39  Roach Warren  
  25  2:43  Lair  
  24  3:11  Drone x3  
  26  3:40  Drone x2  
  28  3:43  Hatchery  
  27  3:54  Hydralisk Den  
  26  3:59  Spire  
  25  4:06  Overlord x3  
  25  4:10  Drone  
  26  4:29  Lurker Den  
  26  4:33  Pneumatized Carapace  
  26  4:35  Zergling x4  
  28  4:44  Metabolic Boost  
  28  4:55  Drone x3  
  28  4:56  Drone x2  
  33  5:02  Extractor  
  33  5:05  Extractor  
  31  5:12  Zergling x8  
  35  5:30  Roach x2  
  35  5:31  Roach x2  
  41  5:40  Hydralisk  
  41  5:41  Hydralisk  
  46  5:50  Drone x3  
  48  5:57  Drone  
  48  5:58  Drone x2  
  47  6:18  Roach x5  
  56  6:22  Lurker x2  
  52  6:27  Zergling x2  
  52  6:28  Zergling x4  
  49  7:29  Evolution Chamber  
  44  7:48  Drone  
  44  7:49  Drone x7  
  52  7:58  Spore Crawler  
  51  8:04  Spore Crawler  
  50  8:07  Spore Crawler  
  50  8:09  Spore Crawler  
  48  8:16  Drone  
  48  8:17  Drone x3  
  52  8:20  Overlord x2  
  52  8:21  Overlord x2  
  52  8:23  Zerg Ground Armor Level 1  
  50  8:46  Hydralisk x3  
  56  8:58  Drone x2  
  56  8:59  Drone  
  59  9:15  Hatchery  
  58  9:20  Lurker  
  58  9:21  Lurker x2  
  61  9:33  Drone  
  61  9:34  Drone x9  
  71  9:41  Drone  
  66  10:09  Hydralisk x5  
  66  10:10  Hydralisk x3  
  82  10:18  Zerg Missile Weapons Level 1  
  82  10:46  Hatchery  
  82  10:48  Hatchery  
  80  10:56  Drone  
  80  10:57  Drone x2  
  83  11:24  Overlord  
  83  11:25  Overlord x5  
  83  11:39  Spore Crawler  
  82  11:42  Spore Crawler  
  82  11:43  Corruptor x6  
  82  11:46  Spore Crawler  
  96  11:52  Overseer  
  96  12:06  Spore Crawler  
  96  12:07  Spore Crawler  
  92  12:08  Spore Crawler  
  88  12:24  Zerg Flyer Weapons Level 1  
  88  12:33  Corruptor x3  
  88  12:34  Corruptor x5  
  104  12:50  Roach  
  104  12:51  Roach x2  
  109  13:43  Drone x2  
  109  13:44  Drone  
  112  13:50  Spore Crawler  
  112  13:53  Spore Crawler  
  112  13:54  Drone x6  
  112  13:55  Drone  
  108  14:18  Corruptor  
  108  14:19  Corruptor x5  
  96  14:46  Zerg Flyer Armor Level 1  
  91  15:32  Zergling x24  
  103  15:38  Hatchery  
  99  15:47  Hatchery  
  59  16:35  Roach x7  
  59  16:36  Roach x5  
  63  18:09  Zergling x6  
  63  18:10  Zergling x12  
  32  19:10  Corruptor x9  
  32  19:13  Queen  
  32  19:16  Queen  
  50  19:18  Queen  
  52  19:58  Zergling x2  
  52  19:59  Zergling x16  
Tags
 
Add a new tag
Caveats
  • Supply blocks, unpowered buildings, or Contaminate may cause inaccurate times.
  • Supply counts are checked every 10 seconds.